 Dungeon Sprint DCSS version 0.21-a0-286-g6fcecc0 (webtiles) character file.

212412 potatolord6000 the Axe Maniac (level 18, -9/200 HPs)
             Began as a Minotaur Fighter on Sept 22, 2017.
             Was a High Priest of Cheibriados.
             Killed by nerve-wracking pain
             ... invoked by Mara (illusionary)
              (16 damage)
             ... in the Dungeon (Sprint VII: "The Pits") on Sept 26, 2017.
             The game lasted 00:30:23 (7677 turns).

potatolord6000 the Axe Maniac (Minotaur Fighter)    Turns: 7677, Time: 00:30:24

Health: -9/200     AC: 48    Str: 47    XL:     18   Next: 24%
Magic:  17/32      EV: 46    Int: 21    God:    Cheibriados [*****.]
Gold:   144        SH: 42    Dex: 27    Spells: 40/40 levels left

rFire    + + .     SeeInvis +   t - +2 war axe of Hosulaep {venom, SInv}
rCold    + + .     Gourm    .   a - +5 large shield
rNeg     . . .     Faith    .   d - +10 plate armour "Meaju" {*Corrode rElec rPois rF+}
rPois    +         Spirit   .   (helmet unavailable)
rElec    +         Reflect  +   b - +2 cloak
rCorr    +         Harm     .   y - +1 pair of gloves
MR       +....     NoTele   +   u - +1 pair of boots
Stlth    ++........             N - amulet "Rienkagg" {Reflect SH+5 Stlth+}
HPRegen  0.43/turn              E - ring "Keobbaid" {rPois AC+6 Str+4 Slay-4 SInv}
MPRegen  0.23/turn              I - ring of Afrucal {rC+ EV+6 Int+4}

@: agile, resistant, glowing, studying 3 skills, very slow
A: retaliatory headbutt, horns 3, strong 1
}: 1/15 runes: silver
a: Bend Time, Temporal Distortion, Slouch, Step From Time, Renounce Religion


You were in the Dungeon.
You worshipped Cheibriados.
Cheibriados was extremely pleased with you.
You were not hungry.

You visited 1 branch You collected 144 gold pieces.

Inventory:

Hand Weapons
 t - the +2 war axe of Hosulaep (weapon) {venom, SInv}
   (You found it in the Dungeon)

   It poisons the flesh of those it strikes.
   It lets you see invisible.
Armour
 a - a +5 large shield (worn)
 b - a +2 cloak (worn)
 d - the +10 plate armour "Meaju" (worn) {*Corrode rElec rPois rF+}
   (You found it in the Dungeon)

   It protects you from fire.
   It insulates you from electricity.
   It protects you from poison.
   It may corrode you when you take damage.
 u - a +1 pair of boots (worn)
 y - a +1 pair of gloves (worn)
Jewellery
 B - the ring of Foedifop {Str+4 SInv}
   (You found it in the Dungeon)

   [ring of see invisible]

   It affects your strength (+4).
   It lets you see invisible.
 E - the ring "Keobbaid" (left hand) {rPois AC+6 Str+4 Slay-4 SInv}
   (You found it in the Dungeon)

   [ring of protection]

   It affects your AC (+6).
   It affects your strength (+4).
   It affects your accuracy and damage with ranged weapons and melee attacks
   (-4).
   It protects you from poison.
   It lets you see invisible.
 F - a ring of the Octopus King {rC+ AC+1 EV+1 Str+1 Int+1 Dex+1}
   (You took it off a vampire mage in the Dungeon)

   [ring of protection from cold]

   It affects your AC (+1).
   It affects your evasion (+1).
   It affects your strength (+1).
   It affects your intelligence (+1).
   It affects your dexterity (+1).
   It protects you from cold.
 I - the ring of Afrucal (right hand) {rC+ EV+6 Int+4}
   (You found it in the Dungeon)

   [ring of evasion]

   It affects your evasion (+6).
   It affects your intelligence (+4).
   It protects you from cold.
 N - the amulet "Rienkagg" (around neck) {Reflect SH+5 Stlth+}
   (You found it in the Dungeon)

   [amulet of reflection]

   It shields you and reflects attacks.
   It affects your SH (+5).
   It makes you more stealthy.
Scrolls
 k - 4 scrolls of blinking
 m - 7 scrolls of remove curse
 n - 6 scrolls of amnesia
 o - a scroll of summoning
 v - 3 scrolls of enchant weapon
 w - 3 scrolls of fog
 x - a scroll of recharging
 z - 4 scrolls of identify
Potions
 e - 8 potions of curing
 i - 4 potions of magic
 j - 2 potions of brilliance
 l - 2 potions of invisibility
 s - 2 potions of agility
 D - a potion of resistance
Books
 g - a manual of Slings
 h - a manual of Maces & Flails
 r - a manual of Short Blades
 A - a manual of Slings
 J - a manual of Axes
Comestibles
 c - 6 royal jellies
 f - 9 bread rations
 p - 40 fruits
 q - 5 meat rations


   Skills:
 O Level 27 Fighting
 O Level 27 Axes
 O Level 27 Armour
 O Level 27 Dodging
 + Level 14.6 Stealth
 O Level 27 Shields
 + Level 11.6 Spellcasting
 + Level 15.7 Invocations


You had 40 spell levels left.
You didn't know any spells.

Dungeon Overview and Level Annotations

Branches:
Dungeon (1/1)

Altars:
Ashenzari
Cheibriados
Dithmenos
Elyvilon
Fedhas
Gozag
Hepliaklqana
Kikubaaqudgha
Makhleb
Nemelex Xobeh
Okawaru
Qazlal
Ru
Sif Muna
Trog
Uskayaw
Vehumet
Wu Jian
Xom
Yredelemnul
Zin
The Shining One
Beogh
Jiyva
Lugonu

Annotations:
D Lom Lobon, Mara, Mennas


Innate Abilities, Weirdness & Mutations

You reflexively headbutt those who attack you in melee.
You have a pair of large horns on your head.
Your muscles are strong. (Str +2)


Message History

* * * LOW HITPOINT WARNING * * *
Unknown command.
Unknown command.
Unknown command.
Unknown command.
Unknown command.
Unknown command.
You can feel time thicken for a moment.
You kill potatolord6000's illusion!
You kill the Brimstone Fiend!
Cheibriados appreciates the change of pace.
You feel somewhat more hungry.
Mennas gestures frantically.
Mennas is healed somewhat.
The Ice Fiend calls on the powers of darkness!
Your body is wracked with pain!
* * * LOW HITPOINT WARNING * * *
Mennas convulses!
Lom Lobon blinks!
Mara gestures at you. Pain shoots through your body!
You die...

#.......................#
#.......................#
#######################'#
#'# ### #.# '.. #[# #)###
### #.# #R.## ##.###'#
#..@# #...##.# ##R1##
##'.###'# #A#.#+#.#'# #.#
##&###.###.###'#
#...'...#...##.#
#'.+##.'#'.###'# ยง###
###.#'# #.# ##
##.###.###'#
+...'...##.##


You could see Lom Lobon, Mennas, 2 Maras and an Ice Fiend.

Vanquished Creatures
  2 pandemonium lords (D)
  3 ancient liches (D)
  Xtahua (D)
  Margery (D)
  3 Killer Klowns (D)
  A pearl dragon (D)
  An electric golem (D)
  A Tzitzimitl (D)
  A Brimstone Fiend (D)
  Rupert (D)
  A deep elf blademaster (D)
  A Hell Sentinel (D)
  A titan (D)
  2 Ice Fiends (D)
  2 liches (D)
  2 Executioners (D)
  2 deep elf master archers (D)
  An acid blob (D)
  2 sphinxes (D)
  Donald (D)
  2 storm dragons (D)
  A daeva (D)
  A shadow dragon (D)
  3 nagarajas (D)
  A deep elf sorcerer (D)
  3 orc warlords (D)
  An iron dragon (D)
  A cacodemon (D)
  A draconian scorcher (D)
  2 draconian stormcallers (D)
  An angel (D)
  A balrug (D)
  2 draconian shifters (D)
  3 ghouls (D)
  4 stone giants (D)
  A war gargoyle (D)
  Nessos (D)
  2 black draconians (D)
  2 deep elf demonologists (D)
  2 deep elf annihilators (D)
  A green draconian (D)
  A red draconian (D)
  A yellow draconian (D)
  A purple draconian (D)
  5 ettins (D)
  A blizzard demon (D)
  2 deep elf death magi (D)
  A green death (D)
  4 deep elf high priests (D)
  A fire dragon (D)
  2 great orbs of eyes (D)
  2 hell beasts (D)
  A hydra (D)
  5 naga warriors (D)
  A catoblepas (D)
  Harold (D)
  3 anacondas (D)
  A death knight (D)
  A merfolk aquamancer (D)
  15 two-headed ogres (D)
  A death yak (D)
  An alligator snapping turtle (D)
  Urug (D)
  3 hell hogs (D)
  8 ogre magi (D)
  2 vampire magi (D)
  2 sun demons (D)
  4 skeletal warriors (D)
  A deep elf knight (D)
  A soul eater (D)
  6 iron trolls (D)
  3 hell knights (D)
  A sixfirhy (D)
  11 deep trolls (D)
  An unseen horror (D)
  3 sea snakes (D)
  4 harpies (D)
  3 wizards (D)
  A lindwurm (D)
  3 necromancers (D)
  14 orc knights (D)
  7 cyclopes (D)
  2 manticores (D)
  An ugly thing (D)
  3 deep elf magi (D)
  A merfolk siren (D)
  A naga mage (D)
  A guardian serpent (D)
  A rust devil (D)
  A black mamba (D)
  A smoke demon (D)
  An orange demon (D)
  A gargoyle (D)
  2 hellions (D)
  A freezing wraith (D)
  A tormentor (D)
  A kobold demonologist (D)
  2 guardian mummies (D)
  An ice devil (D)
  3 hellwings (D)
  2 red devils (D)
  3 jumping spiders (D)
  A wandering mushroom (D)
  A merfolk (D)
  4 trolls (D)
  Grinder (D)
  A hippogriff (D)
  A hornet (D)
  A bog body (D)
  3 slime creatures (D)
  4 dream sheep (D)
  7 redbacks (D)
  A spriggan (D)
  A wyvern (D)
  An air elemental (D)
  A fire elemental (D)
  A wraith (D)
  4 water elementals (D)
  2 hungry ghosts (D)
  Eustachio (D)
  2 steam dragons (D)
  A soldier ant (shapeshifter) (D)
  2 wargs (D)
  3 insubstantial wisps (D)
  A soldier ant (D)
  An acid dragon (D)
  2 floating eyes (D)
  A porcupine (D)
  3 orc warriors (D)
  2 eyes of draining (D)
  12 ogres (D)
  A sky beast (D)
  A necrophage (D)
  A centaur (D)
  An earth elemental (D)
  A small abomination (D)
  5 killer bees (D)
  A hound (D)
  A jelly (D)
  5 orc wizards (D)
  3 orc priests (D)
  Crazy Yiuf (D)
  An iron imp (D)
  A worker ant (D)
  A hell rat (D)
  3 mummies (D)
  A gnoll (D)
  An adder zombie (D)
  A leopard gecko (D)
  4 orcs (D)
  A bat skeleton (D)
  A goblin (D)
  A hobgoblin (D)
  A quokka (D)
  2 ball pythons (D)
  A giant cockroach zombie (D)
  A jackal simulacrum (D)
  3 quokka skeletons (D)
  2 quokka zombies (D)
  3 rats (D)
  A crawling corpse (D)
343 creatures vanquished.

Vanquished Creatures (others)
  A pandemonium lord (D)
  A deep elf master archer (D)
  A green death (D)
  A guardian serpent (shapeshifter) (D)
  An orange demon (D)
  A ball lightning (D)
  A giant cockroach zombie (D)
  A crawling corpse (D)
8 creatures vanquished.

Grand Total: 351 creatures vanquished

Notes
Turn   | Place    | Note
-------+----------+-------------------------------------------
     0 | D        | potatolord6000 the Minotaur Fighter began the quest for the Orb.
     0 | D        | Reached XP level 1. HP: 19/19 MP: 0/0
    42 | D        | Found a bloodstained altar of Trog.
    42 | D        | Found a deep blue altar of Sif Muna.
    42 | D        | Found a viscous altar of Jiyva.
    42 | D        | Found a hazy altar of Hepliaklqana.
    42 | D        | Found an opulent altar of Gozag.
    43 | D        | Found a glowing golden altar of the Shining One.
    43 | D        | Found a glowing silver altar of Zin.
    43 | D        | Found a basalt altar of Yredelemnul.
    43 | D        | Found a shimmering altar of Xom.
    43 | D        | Found an ornate altar of the Wu Jian Council.
    43 | D        | Found a sacrificial altar of Ru.
    43 | D        | Found a stormy altar of Qazlal.
    43 | D        | Found an iron altar of Okawaru.
    43 | D        | Found a sparkling altar of Nemelex Xobeh.
    43 | D        | Found a burning altar of Makhleb.
    43 | D        | Found a blossoming altar of Fedhas.
    43 | D        | Found a white marble altar of Elyvilon.
    43 | D        | Found a shadowy altar of Dithmenos.
    43 | D        | Found a snail-covered altar of Cheibriados.
    46 | D        | Found a corrupted altar of Lugonu.
    46 | D        | Found a radiant altar of Vehumet.
    46 | D        | Found a roughly hewn altar of Beogh.
    48 | D        | Found a shattered altar of Ashenzari.
    48 | D        | Found an ancient bone altar of Kikubaaqudgha.
    48 | D        | Found a hide-covered altar of Uskayaw.
    58 | D        | Became a worshipper of Cheibriados the Contemplative
    78 | D        | Reached skill level 1 in Dodging
    78 | D        | Reached XP level 2. HP: 8/28 MP: 1/1
   298 | D        | Reached * piety under Cheibriados
   299 | D        | Reached ** piety under Cheibriados
   409 | D        | Noticed a floating eye
   410 | D        | Paralysed by a floating eye for 4 turns
   415 | D        | Reached skill level 5 in Fighting
   415 | D        | Reached skill level 5 in Armour
   415 | D        | Reached XP level 3. HP: 31/36 MP: 2/2
   415 | D        | Reached skill level 5 in Shields
   417 | D        | Reached *** piety under Cheibriados
   419 | D        | Paralysed by a floating eye for 4 turns
   425 | D        | Killed a floating eye
   425 | D        | Reached skill level 5 in Axes
   425 | D        | Reached XP level 4. HP: 41/45 MP: 3/3
   425 | D        | Reached XP level 5. HP: 46/51 MP: 4/4
   502 | D        | Noticed an orc warrior
   502 | D        | Noticed Grinder
   510 | D        | Reached **** piety under Cheibriados
   515 | D        | Reached skill level 5 in Dodging
   522 | D        | Killed an orc warrior
   522 | D        | Reached XP level 6. HP: 24/61 MP: 5/5
   527 | D        | Killed Grinder
   527 | D        | Reached ***** piety under Cheibriados
   529 | D        | Reached XP level 7. HP: 64/69 MP: 6/6
   681 | D        | Reached ****** piety under Cheibriados
   702 | D        | Reached skill level 10 in Fighting
   702 | D        | Reached skill level 10 in Armour
   702 | D        | Reached skill level 10 in Shields
   702 | D        | Reached XP level 8. HP: 64/79 MP: 7/7
   728 | D        | Got the +2 war axe of Hosulaep {venom, SInv}
   817 | D        | Noticed a smoke demon
   824 | D        | Killed a smoke demon
   824 | D        | Reached skill level 10 in Axes
   846 | D        | Noticed a hellwing
   846 | D        | Noticed an orange demon
   851 | D        | Killed an orange demon
   860 | D        | Killed a hellwing
   860 | D        | Reached XP level 9. HP: 61/89 MP: 3/8
   979 | D        | Noticed a manticore
   985 | D        | Killed a manticore
   985 | D        | Reached skill level 10 in Dodging
   999 | D        | Noticed a deep elf mage
  1004 | D        | Killed a deep elf mage
  1078 | D        | Noticed Eustachio
  1078 | D        | Noticed Urug
  1083 | D        | Killed Eustachio
  1091 | D        | Killed Urug
  1091 | D        | Reached XP level 10. HP: 66/100 MP: 9/9
  1093 | D        | Gained mutation: Your muscles are strong. (Str +2) [potion of mutation]
  1093 | D        | Gained mutation: You have a pair of large horns on your head. [potion of mutation]
  1223 | D        | Noticed a sea snake
  1224 | D        | Noticed a black mamba
  1224 | D        | Noticed a necromancer
  1224 | D        | Noticed a sixfirhy
  1227 | D        | Killed a black mamba
  1232 | D        | Killed a sixfirhy
  1232 | D        | Killed a sea snake
  1242 | D        | Killed a necromancer
  1472 | D        | Noticed a deep elf mage
  1473 | D        | Noticed Crazy Yiuf
  1479 | D        | Killed a deep elf mage
  1480 | D        | Noticed a cyclops
  1483 | D        | Reached XP level 11. HP: 75/110 MP: 10/10
  1483 | D        | Killed Crazy Yiuf
  1651 | D        | Noticed a sea snake
  1660 | D        | Killed a sea snake
  1670 | D        | Noticed a skeletal warrior
  1671 | D        | Noticed an anaconda
  1671 | D        | Noticed a skeletal warrior
  1671 | D        | Noticed a skeletal warrior
  1671 | D        | Noticed a skeletal warrior
  1671 | D        | Noticed a lindwurm
  1676 | D        | Killed a skeletal warrior
  1676 | D        | Reached skill level 15 in Fighting
  1676 | D        | Reached skill level 15 in Axes
  1676 | D        | Reached skill level 15 in Armour
  1676 | D        | Reached skill level 15 in Shields
  1680 | D        | Killed an anaconda
  1682 | D        | Killed a skeletal warrior
  1683 | D        | Killed a lindwurm
  1685 | D        | Killed a skeletal warrior
  1692 | D        | Killed a skeletal warrior
  2033 | D        | Noticed a sea snake
  2034 | D        | Noticed a sun demon
  2040 | D        | Killed a sea snake
  2044 | D        | Killed a sun demon
  2077 | D        | Reached XP level 12. HP: 54/122 MP: 11/11
  2306 | D        | Noticed Donald
  2306 | D        | Noticed Harold
  2315 | D        | Killed Harold
  2325 | D        | Killed Donald
  2325 | D        | Reached skill level 15 in Dodging
  2425 | D        | Noticed an orc warlord
  2425 | D        | Noticed an orc warlord
  2425 | D        | Noticed a red draconian
  2426 | D        | Noticed a Killer Klown
  2427 | D        | Noticed a naga warrior
  2432 | D        | Noticed a naga warrior
  2435 | D        | Noticed a naga warrior
  2439 | D        | Noticed a deep elf death mage
  2441 | D        | Killed an orc warlord
  2442 | D        | Killed an orc warlord
  2449 | D        | Noticed a two-headed ogre
  2450 | D        | Killed a deep elf death mage
  2451 | D        | Reached XP level 13. HP: 74/134 MP: 12/12
  2455 | D        | Killed a red draconian
  2455 | D        | Killed a Killer Klown
  2892 | D        | Upgraded the game from 0.21-a0-278-ga722497 to 0.21-a0-286-g6fcecc0
  2957 | D        | Got the +10 plate armour "Meaju" {*Corrode rElec rPois rF+}
  3107 | D        | Noticed a deep elf master archer
  3107 | D        | Noticed a stone giant
  3107 | D        | Noticed a nagaraja
  3116 | D        | Killed a deep elf master archer
  3119 | D        | Killed a stone giant
  3131 | D        | Killed a nagaraja
  3142 | D        | Got the amulet "Mitem" {Spirit *Slow rN+ MR+}
  3169 | D        | Noticed a storm dragon
  3174 | D        | Found the +10 morningstar "Eos" {elec, Halo rElec}
  3174 | D        | Noticed Rupert
  3180 | D        | Killed a storm dragon
  3191 | D        | Killed Rupert
  3191 | D        | Reached XP level 14. HP: 131/147 MP: 7/13
  3205 | D        | Noticed Nessos
  3252 | D        | Killed Nessos
  3473 | D        | Noticed a lich
  3473 | D        | Noticed a deep elf sorcerer
  3480 | D        | Killed a deep elf sorcerer
  3481 | D        | Noticed a sphinx
  3483 | D        | Noticed a red draconian scorcher
  3488 | D        | Noticed a nagaraja
  3489 | D        | Noticed a Hell Sentinel
  3490 | D        | Killed a lich
  3515 | D        | Killed a nagaraja
  3516 | D        | Killed a sphinx
  3521 | D        | Killed a red draconian scorcher
  3898 | D        | Noticed a Tzitzimitl
  3898 | D        | Noticed a black draconian shifter
  3903 | D        | Noticed a war gargoyle
  3922 | D        | Killed a black draconian shifter
  3928 | D        | Killed a war gargoyle
  3928 | D        | Reached XP level 15. HP: 33/160 MP: 3/14
  3960 | D        | Noticed an ancient lich
  3968 | D        | Killed an ancient lich
  4294 | D        | Got the ring "Jets" {rElec rN+ MR- Int+6 Dex+2}
  4296 | D        | Got the ring "Emeev" {rPois rF+++ rC+ Str-3 Dex+6 Stlth+}
  4298 | D        | Got the ring "Keobbaid" {rPois AC+6 Str+4 Slay-4 SInv}
  4300 | D        | Got the ring of Tole {*Corrode +Blink rElec rN+}
  4302 | D        | Got the ring of Ascent {rC+++ Str+6 Int-4 Dex+3}
  4306 | D        | Got the ring of Satisfaction {rPois Int+4}
  4308 | D        | Got the ring of Afrucal {rC+ EV+6 Int+4}
  4310 | D        | Got the ring "Itohuor" {Fire +Blink}
  4312 | D        | Got the ring "Ceiciwka" {Fire Int+6}
  4314 | D        | Got the ring of Cajas {rPois rF+ MR+ Int-4}
  4316 | D        | Got the ring "Lovatasiqi" {Fire *Slow rElec Str+2}
  4318 | D        | Got the ring "Gotooget" {rF+ Str+6}
  4320 | D        | Got the ring "Imeluf" {rC+ MR+ MP+9 Int+6}
  4353 | D        | Got the amulet of the Voivode {+Rage rPois Str-4 Int+8 Slay-5}
  4355 | D        | Got the amulet "Gani" {Regen+ Dex+6}
  4357 | D        | Got the amulet of Winol {+Rage MR+ Str+4 Int+2}
  4359 | D        | Got the amulet "Nothritu" {Spirit rN+ Str+4 Dex+2}
  4361 | D        | Got the amulet "Xosataru" {Regen+ Str+6 Int-4}
  4365 | D        | Got the amulet "Esal" {Gourm +Fly}
  4367 | D        | Got the amulet "Zefuff" {Gourm rElec rC+++ Int-5 Dex+6}
  4369 | D        | Got the amulet "Vebb" {RegenMP Fragile rF+++ Int+2}
  4371 | D        | Got the amulet "Qiqol" {RegenMP +Fly rC- Int+4}
  4373 | D        | Got the amulet "Cutagroff" {RegenMP *Slow rPois rF++ Stlth-}
  4375 | D        | Got the ring "Yleass" {Ice MR+ MP+9 Str+2}
  4377 | D        | Got the amulet "Rienkagg" {Reflect SH+5 Stlth+}
  4379 | D        | Got the amulet "Fuzec" {Faith Str+3}
  4529 | D        | Noticed a deep elf master archer
  4539 | D        | Killed a deep elf master archer
  4544 | D        | Noticed a shadow dragon
  4559 | D        | Paralysed by an ogre mage for 5 turns
  4567 | D        | Killed a shadow dragon
  4572 | D        | Noticed a daeva
  4590 | D        | Killed a daeva
  4645 | D        | Noticed a storm dragon
  4655 | D        | Killed a storm dragon
  4913 | D        | Noticed a deep elf blademaster
  4927 | D        | Noticed Margery
  4929 | D        | Killed a deep elf blademaster
  4936 | D        | Paralysed by a floating eye for 3 turns
  4943 | D        | Noticed an orc warlord
  4945 | D        | Reached XP level 16. HP: 105/174 MP: 15/15
  4992 | D        | Killed Margery
  5402 | D        | Noticed a sphinx
  5407 | D        | Killed a sphinx
  5700 | D        | Noticed a titan
  5740 | D        | Killed a titan
  5756 | D        | Paralysed by an ogre mage for 6 turns
  5777 | D        | Got the ring "Feriotao" {-Tele +Fly Str+3 Dex+4 Slay+5}
  5799 | D        | Got a silver rune of Zot
  5844 | D        | Got the ring of Foedifop {Str+4 SInv}
  5895 | D        | Got a ring of the Octopus King {rC+ AC+1 EV+1 Str+1 Int+1 Dex+1}
  6005 | D        | Noticed an Ice Fiend
  6011 | D        | Killed an Ice Fiend
  6011 | D        | Reached XP level 17. HP: 50/190 MP: 16/16
  6380 | D        | Noticed a Hell Sentinel
  6393 | D        | Killed a Hell Sentinel
  6533 | D        | Noticed a lich
  6536 | D        | Killed a lich
  6536 | D        | Reached skill level 27 in Axes
  6539 | D        | Noticed a pearl dragon
  6548 | D        | Killed a pearl dragon
  6564 | D        | Reached skill level 27 in Armour
  6564 | D        | Reached skill level 27 in Shields
  6656 | D        | Noticed an Ice Fiend
  6656 | D        | Noticed a deep elf master archer
  6656 | D        | Noticed a Killer Klown
  6660 | D        | Killed a Killer Klown
  6660 | D        | Reached skill level 27 in Fighting
  6671 | D        | Killed a deep elf master archer
  6681 | D        | HP: 8/191 [black draconian/bolt of lightning (5)]
  6688 | D        | Killed an Ice Fiend
  7089 | D        | Reached skill level 27 in Dodging
  7089 | D        | Reached skill level 1 in Stealth
  7089 | D        | Reached skill level 1 in Invocations
  7096 | D        | Noticed an electric golem
  7111 | D        | Killed an electric golem
  7128 | D        | Noticed an ancient lich
  7142 | D        | Killed an ancient lich
  7158 | D        | Noticed an acid blob
  7163 | D        | Killed an acid blob
  7163 | D        | Reached skill level 5 in Spellcasting
  7166 | D        | Noticed Cuivo the pandemonium lord
  7185 | D        | Killed Cuivo the pandemonium lord
  7185 | D        | Reached skill level 10 in Invocations
  7228 | D        | Noticed Xtahua
  7236 | D        | Killed Xtahua
  7236 | D        | Reached skill level 10 in Stealth
  7348 | D        | Noticed a Killer Klown
  7354 | D        | Noticed a Tzitzimitl
  7359 | D        | Killed a Tzitzimitl
  7368 | D        | Killed a Killer Klown
  7608 | D        | Noticed an ancient lich
  7618 | D        | Killed an ancient lich
  7618 | D        | Reached skill level 10 in Spellcasting
  7618 | D        | Reached XP level 18. HP: 198/200 MP: 29/31
  7628 | D        | Noticed Lom Lobon
  7638 | D        | Noticed Paqes the pandemonium lord
  7639 | D        | Noticed Mara
  7640 | D        | Noticed a Hell Sentinel
  7648 | D        | Noticed Plog the pandemonium lord
  7648 | D        | Noticed potatolord6000's illusion
  7671 | D        | Killed Plog the pandemonium lord
  7671 | D        | Reached skill level 15 in Invocations
  7671 | D        | Killed Paqes the pandemonium lord
  7672 | D        | Noticed a Brimstone Fiend
  7674 | D        | Noticed an Ice Fiend
  7675 | D        | Noticed Mennas
  7676 | D        | HP: 10/200 [potatolord6000's illusion[Mara] (16)]
  7677 | D        | Killed a Brimstone Fiend
  7677 | D        | Killed from afar by Mara (illusionary)

Vault maps used:
D:        pitsprint

Skill      XL: |  1  2  3  4  5  6  7  8  9 10 11 12 13 14 15 16 17 18 |
---------------+-------------------------------------------------------+-----
Fighting       | 4 5 6 7 8 10 11 12 14 16 17 19 21 24 26 27 | 27.0
Armour         | 4 5 6 7 8 10 11 12 14 16 17 19 21 24 26 27 | 27.0
Axes           | 3 4 5 7 8 9 11 12 14 16 17 19 21 24 26 27 | 27.0
Dodging        | 1 2 4 6 7 8 9 11 12 14 16 18 20 22 24 27 | 27.0
Shields        | 4 6 7 8 10 11 12 14 16 18 19 21 24 26 27 | 27.0
Stealth        | 13 14 | 14.6
Invocations    | 14 15 | 15.7
Spellcasting   | 10 11 | 11.6

Action                   |  1- 3 |  4- 6 |  7- 9 | 10-12 | 13-15 | 16-18 || total
-------------------------+-------+-------+-------+-------+-------+-------++-------
Melee: War axe           |    15 |    24 |    62 |   117 |   335 |   307 ||   860
       Headbutt          |     3 |     8 |    28 |    49 |   143 |   132 ||   363
Invok: Slouch            |       |       |       |       |       |     8 ||     8
  Use: Potion            |       |     2 |       |     9 |    15 |    19 ||    45
       Scroll            |       |       |       |     4 |       |     6 ||    10
 Stab: Petrified         |       |       |       |       |     3 |       ||     3
       Petrifying        |       |       |       |       |     1 |       ||     1
  Eat: Meat ration       |       |       |       |     2 |       |     1 ||     3
Armor: Scale mail        |    10 |    10 |    16 |    22 |     4 |       ||    62
       Plate armour      |       |       |       |       |   123 |    77 ||   200
Dodge: Dodged            |     7 |     6 |    40 |   124 |   275 |   278 ||   730
Block: Shield            |     7 |    12 |    58 |   185 |    55 |       ||   317
       Large shield      |       |       |       |       |   514 |   511 ||  1025
       Reflection        |       |       |       |       |     9 |     9 ||    18

Table legend:
 A = Spawn XP
 B = Non-spawn XP
 C = Spawn XP percentage of total XP
 D = Spawn monster count
 E = Non-spawn monster count
 F = Spawn count percentage of total count
 G = Total turns spent on level
                    A         B        C        D         E        F      G
               +---------+---------+-------+---------+---------+-------+---------
         Total |       0 |  311032 |   0.0 |       0 |     347 |   0.0 |  7677
               +---------+---------+-------+---------+---------+-------+---------
             D |       0 |  311032 |   0.0 |       0 |     347 |   0.0 |  7677
               +---------+---------+-------+---------+---------+-------+---------
